Map: Berlingrad LE

Players

Warthog - Winner!

  • Race: Terran Terran
  • League: Diamond
  • Spawn Location: 11:00

SNESChalmers

  • Race: Zerg Zerg
  • League: Master
  • Spawn Location: 5:00

VOD

Have the link to the VOD?

Description

Time

  • Played on: Dec. 7, 2021, 8:57 p.m.
  • Length: 13:36
Show
View Real Time Build Order
Export as new Build Order

Warthog Terran - Winner!

Build Orders: Reaper Expand 

Get SALT Encoding   

  12  0:00  SCV  
  13  0:13  SCV  
  14  0:17  Supply Depot  
  14  0:25  SCV  
  15  0:38  SCV  
  15  0:41  Barracks  
  16  0:46  Refinery  
  16  0:51  SCV  
  17  1:03  SCV  
  18  1:15  SCV  
  19  1:28  Orbital Command  
  19  1:29  Reaper  
  20  1:39  Command Center  
  20  1:50  Supply Depot  
  20  1:54  SCV  
  21  2:01  Marine  
  21  2:08  Factory  
  22  2:12  SCV  
  22  2:17  Refinery  
  22  2:22  Barracks Reactor  
  22  2:25  SCV  
  24  2:37  SCV  
  24  2:49  SCV  
  25  2:52  Factory Tech Lab  
  25  2:59  Marine x2  
  25  3:00  Orbital Command  
  25  3:02  Starport  
  25  3:04  Bunker, SCV  
  28  3:11  Orbital Command  
  28  3:17  Cyclone, SCV, Marine  
  33  3:21  Marine  
  34  3:33  SCV  
  35  3:41  Viking  
  37  3:43  SCV  
  37  3:45  SCV  
  39  3:53  Marine x2  
  41  3:58  SCV x2, Siege Tank  
  46  4:04  Supply Depot  
  46  4:06  Supply Depot  
  46  4:11  SCV  
  47  4:18  SCV  
  47  4:23  Command Center, SCV  
  49  4:28  Liberator  
  49  4:29  Supply Depot  
  49  4:30  SCV  
  53  4:37  SCV  
  54  4:47  Barracks  
  54  4:49  Barracks  
  54  4:50  SCV  
  54  4:51  SCV  
  56  5:03  SCV x2  
  56  5:04  Barracks  
  56  5:06  Barracks  
  57  5:08  Factory Reactor  
  57  5:15  SCV  
  58  5:25  SCV  
  58  5:27  SCV, Stimpack, Marine, Starport Reactor  
  61  5:35  Engineering Bay  
  61  5:37  Engineering Bay, SCV  
  62  5:52  SCV, Orbital Command  
  62  5:55  Refinery  
  62  5:56  Refinery  
  63  5:57  Marine x2  
  63  5:58  Barracks Reactor x2, Marine  
  63  6:00  Barracks Tech Lab  
  63  6:02  Terran Infantry Weapons Level 1  
  63  6:03  Terran Infantry Armor Level 1  
  66  6:04  SCV x2  
  66  6:05  Factory Tech Lab  
  68  6:16  SCV x2  
  70  6:18  Orbital Command  
  70  6:26  Supply Depot  
  70  6:28  Supply Depot, SCV x2  
  70  6:31  Medivac, Siege Tank, Marine  
  70  6:32  Marine x2  
  80  6:40  SCV x2  
  80  6:45  SCV  
  80  6:48  Combat Shield  
  80  6:49  Armory  
  80  6:52  SCV, Marine x6  
  80  6:53  SCV  
  88  6:57  SCV  
  87  7:05  Supply Depot x2, SCV  
  87  7:07  Concussive Shells  
  88  7:11  Medivac, Siege Tank  
  88  7:15  Marine x5  
  95  7:20  SCV x2  
  100  7:24  Refinery x2  
  100  7:26  Factory  
  100  7:28  Supply Depot  
  100  7:29  Supply Depot  
  100  7:30  SCV  
  100  7:32  SCV  
  100  7:35  SCV  
  103  7:38  Marauder, Marine  
  103  7:41  Medivac x2  
  103  7:42  SCV, Marine x6  
  117  7:46  SCV  
  117  7:50  Supply Depot, Terran Vehicle Weapons Level 1  
  118  7:53  Supply Depot  
  118  7:56  Marine  
  119  7:59  Marine  
  119  8:00  Marine  
  119  8:02  Marine x3  
  119  8:03  Marauder  
  126  8:09  SCV x2  
  128  8:16  SCV  
  128  8:18  Factory Tech Lab  
  128  8:19  Marauder, Marine x3  
  134  8:20  Marine x3  
  134  8:21  SCV  
  138  8:30  Medivac, Siege Tank  
  138  8:31  Marauder  
  143  8:36  Marine  
  143  8:37  SCV x2, Marine x2  
  143  8:38  Marine x2  
  150  8:42  Terran Infantry Weapons Level 2  
  150  8:43  Terran Infantry Armor Level 2  
  150  8:46  Supply Depot, Command Center  
  150  8:49  Supply Depot  
  143  9:04  Medivac, Siege Tank  
  143  9:05  Marauder, Marine x2  
  149  9:19  Marauder, Marine  
  149  9:21  SCV  
  149  9:22  SCV  
  154  9:25  Marine x3  
  154  9:26  Marauder  
  154  9:28  Supply Depot, Medivac, Siege Tank  
  154  9:29  Marine x2  
  154  9:30  Supply Depot  
  166  9:36  Siege Tank  
  166  9:37  Marine  
  170  9:41  Marauder  
  170  9:43  Marine  
  173  9:51  Marine  
  173  9:52  Marauder  
  175  9:54  Marine x2  
  175  9:55  Marine  
  178  10:00  Siege Tank  
  178  10:02  Marauder  
  178  10:03  Barracks  
  178  10:04  Barracks  
  178  10:05  Barracks  
  174  10:08  Siege Tank  
  177  10:15  Marauder, Marine x2  
  180  10:29  Medivac  
  180  10:31  Marauder, Marine  
  180  10:32  Siege Tank, Marine x2  
  188  10:37  Marauder  
  188  10:40  Siege Tank  
  188  10:41  Marine x2  
  188  10:50  Marine x2  
  188  10:52  Marine x2  
  188  10:53  Medivac, Marauder  
  188  10:54  Barracks Tech Lab x2  
  188  10:55  Barracks Tech Lab, Planetary Fortress  
  194  10:58  Marauder  
  194  10:59  Marine x2  
  198  11:07  Marine  
  198  11:08  Marine  
  189  11:37  Siege Tank x2  
  189  11:38  Medivac x2, Marine  
  191  11:56  Marauder, Marine x3  
  189  12:04  Marauder, Marine x3  
  189  12:08  Medivac  
  186  12:09  Thor  
  195  12:14  Thor  
  195  12:19  Armory  
  195  12:36  Viking  
  195  12:46  Command Center  
Show
View Real Time Build Order
Export as new Build Order

SNESChalmers Zerg 

Build Orders: Pool First 

Get SALT Encoding   

  12  0:00  Drone  
  13  0:12  Overlord  
  13  0:16  Drone  
  14  0:30  Drone x2  
  14  0:34  Drone  
  17  0:44  Spawning Pool  
  17  0:47  Drone  
  17  1:07  Hatchery  
  17  1:10  Drone  
  17  1:23  Drone, Extractor  
  17  1:30  Queen  
  17  1:31  Zergling x2  
  17  1:32  Drone  
  21  1:40  Roach Warren  
  21  1:43  Drone  
  21  1:49  Drone  
  22  2:01  Overlord  
  22  2:18  Queen  
  22  2:21  Roach  
  22  2:22  Roach x2  
  30  2:29  Queen  
  30  2:32  Drone  
  33  2:44  Drone  
  33  2:45  Overlord  
  34  2:59  Lair  
  34  3:00  Drone x2  
  36  3:06  Drone x2  
  36  3:07  Drone  
  36  3:10  Drone  
  40  3:22  Overlord  
  40  3:32  Drone x4  
  43  3:35  Extractor  
  43  3:37  Extractor  
  43  3:39  Drone x2  
  43  3:41  Drone  
  43  3:42  Drone x3  
  47  3:53  Drone x2  
  47  3:54  Drone  
  50  4:01  Overlord  
  50  4:05  Overseer, Extractor  
  50  4:06  Glial Reconstitution  
  49  4:13  Drone x2  
  51  4:21  Drone x2  
  51  4:22  Drone x4  
  57  4:34  Overlord  
  57  4:36  Overlord  
  57  4:39  Hatchery  
  56  5:03  Drone  
  56  5:05  Drone  
  56  5:06  Spore Crawler  
  56  5:07  Spore Crawler, Drone x2  
  59  5:08  Evolution Chamber  
  59  5:09  Queen  
  59  5:10  Evolution Chamber  
  58  5:15  Overlord x3  
  58  5:17  Overseer  
  58  5:32  Queen  
  60  5:37  Zerg Ground Armor Level 1, Zerg Missile Weapons Level 1  
  60  5:49  Roach x3  
  72  5:50  Roach x3  
  72  5:52  Queen  
  72  5:56  Drone x7  
  81  6:03  Overseer  
  81  6:09  Overlord  
  81  6:11  Overlord  
  81  6:13  Overlord x3  
  81  6:16  Ravager x4  
  85  6:31  Drone x5  
  90  6:38  Spore Crawler  
  87  6:47  Drone x2  
  87  6:50  Drone x4  
  87  6:51  Drone  
  94  6:55  Drone  
  95  7:07  Hatchery  
  94  7:16  Drone  
  94  7:17  Drone, Roach, Extractor  
  94  7:18  Roach x8, Extractor  
  94  7:20  Ravager x3  
  94  7:21  Ravager x2  
  117  7:32  Zerg Missile Weapons Level 2, Zerg Ground Armor Level 2  
  117  7:35  Drone  
  117  7:36  Infestation Pit  
  117  7:39  Overlord x4  
  117  7:54  Roach x6  
  117  7:55  Hatchery  
  117  7:58  Overseer  
  128  8:00  Drone x3  
  128  8:01  Drone  
  128  8:03  Drone  
  133  8:38  Hive  
  133  8:39  Drone  
  133  8:40  Spire  
  133  8:42  Roach  
  133  8:43  Roach x16  
  133  8:45  Metabolic Boost  
  133  8:46  Overlord x2  
  163  9:12  Overseer  
  163  9:13  Hydralisk Den, Baneling Nest, Overlord x4  
  161  9:38  Spine Crawler  
  161  9:41  Zergling x10  
  161  9:42  Zergling x28  
  179  9:53  Greater Spire  
  179  9:54  Corruptor  
  179  9:55  Corruptor x5  
  191  10:08  Centrifugal Hooks  
  191  10:11  Adrenal Glands  
  191  10:13  Baneling  
  191  10:14  Baneling x7  
  191  10:19  Ravager  
  192  10:33  Drone x7  
  199  10:35  Extractor  
  199  10:36  Extractor  
  170  10:53  Drone x5  
  163  10:57  Drone x3  
  163  10:58  Drone  
  163  10:59  Drone x4  
  167  11:09  Drone x4  
  171  11:11  Spore Crawler  
  171  11:12  Spore Crawler  
  171  11:14  Spore Crawler x2, Brood Lord  
  171  11:15  Brood Lord  
  171  11:18  Zergling x2  
  172  11:19  Zergling x20  
  154  11:33  Brood Lord x2  
  158  11:46  Brood Lord  
  158  11:48  Zergling x2  
  158  11:49  Zergling x18  
  158  11:52  Hatchery  
  146  11:56  Zergling x2  
  146  11:57  Zergling x14  
  126  12:05  Zergling x10  
  126  12:06  Zergling x4  
Tags
 
Add a new tag
Caveats
  • Supply blocks, unpowered buildings, or Contaminate may cause inaccurate times.
  • Supply counts are checked every 10 seconds.